 Dungeon Crawl Stone Soup version 0.31-a0-844-gdc52ec4e09 (webtiles) character file.

Game seed: 7458355871132494261

67411 miscthings the Slicer (level 15, -7/115 HPs)
             Began as a Gnoll Wanderer on Sept 29, 2023.
             Was an Initiate of Gozag.
             Killed from afar by a deep elf pyromancer (19 damage)
             ... with a bolt of fire
             ... on level 1 of the Elven Halls.
             The game lasted 00:57:01 (17480 turns).

miscthings the Slicer (Gnoll Wanderer)             Turns: 17480, Time: 00:57:01

Health: -7/115     AC: 15    Str: 24    XL:     15   Next: 23%
Magic:  14/29      EV: 16    Int: 15    God:    Gozag
Gold:   2348       SH:  7    Dex: 15    Spells: 7/34 levels left

rFire   + . .        e - +6 short sword "Lishrioki" {protect, rElec rC- Str+3 SInv}
rCold   + . .        b - +0 buckler
rNeg    . . .        s - +2 leather armour {rF+}
rPois   +            (helmet restricted)
rElec   +            W - scarf of the Miller {shadows, rC+ Stlth+}
rCorr   +            I - +0 pair of gloves
SInv    +            (no boots)
Will    ++...        h - amulet of regeneration
Stlth   +++++        y - ring of Qitikom {rC+ Will+ rCorr Str+6}
HPRegen 1.19/turn    V - ring of Ziogaesi {rPois rCorr Int+3}
MPRegen 0.21/turn

%: no passive effects
@: under a protective aura
A: fangs 1, strong nose, distributed training, horns 1, mutation resistance 1
a: Renounce Religion, Potion Petition, Call Merchant, Bribe Branch


You were on level 1 of the Elven Halls.
You worshipped Gozag.
Gozag was most pleased with you.
You visited 5 branches of the dungeon, and saw 19 of its levels.
You also visited: Ossuary.

You collected 7343 gold pieces.
You spent 3249 gold pieces at shops.
You paid 1746 gold pieces to Gozag.

Inventory:

Hand Weapons
 e - the +6 short sword "Lishrioki" (weapon) {protect, rElec rC- Str+3 SInv}
   (You found it on level 10 of the Dungeon)

   Str+3:     It affects your strength (+3).
   rC-:       It makes you vulnerable to cold.
   rElec:     It insulates you from electricity.
   SInv:      It lets you see invisible.
 L - the +10 zealot's sword {holy, Zealotry, *Rage rN+ EV+3}
   (You found it on level 8 of the Dungeon)

   Zealotry:  Whenever the wielder enters a berserk rage, their allies are
   berserked alongside them.
   EV+3:      It affects your evasion (+3).
   rN+:       It protects you from negative energy.
   *Rage:     It berserks you when you make melee attacks (+20% chance).
 X - the +10 sling "Musedox" {speed, *Corrode rC+ Str+4}
   (You bought it in a shop on level 2 of the Orcish Mines)

   Str+4:     It affects your strength (+4).
   rC+:       It protects you from cold.
   *Corrode:  It may corrode you when you take damage.
Missiles
 m - a throwing net
 w - 4 silver javelins
 K - 8 curare-tipped darts (quivered)
 Q - 5 atropa-tipped darts
Armour
 b - a +0 buckler (worn)
 s - a +2 leather armour of fire resistance (worn)
 v - a +2 helmet
 I - a +0 pair of gloves (worn)
 N - the +0 chain mail "Ulyzykhe" {Will+ Int+3 SInv}
   (You bought it in a shop on level 8 of the Dungeon)

   Int+3:     It affects your intelligence (+3).
   Will+:     It increases your willpower.
   SInv:      It lets you see invisible.
 T - a +2 scale mail of cold resistance
 W - the scarf of the Miller (worn) {shadows, rC+ Stlth+}
   (You bought it in a shop on level 2 of the Orcish Mines)

   rC+:       It protects you from cold.
   Stlth+:    It makes you more stealthy.
Jewellery
 g - a ring of protection from fire
 h - an amulet of regeneration (around neck)
 n - a +4 ring of protection
 t - a ring of flight
 y - the ring of Qitikom (left hand) {rC+ Will+ rCorr Str+6}
   (You bought it in a shop on level 6 of the Dungeon)

   [ring of strength]

   Str+6:     It affects your strength (+6).
   rC+:       It protects you from cold.
   Will+:     It increases your willpower.
   rCorr:     It protects you from acid and corrosion.
 J - a ring of protection from cold
 V - the ring of Ziogaesi (right hand) {rPois rCorr Int+3}
   (You found it on level 10 of the Dungeon)

   [ring of poison resistance]

   Int+3:     It affects your intelligence (+3).
   rPois:     It protects you from poison rCorr: It protects you from acid and
   corrosion.
Wands
 p - a wand of polymorph (5)
 q - a wand of roots (8)
 R - a wand of flame (18)
 U - a wand of acid (8)
 Y - a wand of mindburst (5)
Scrolls
 c - a scroll of summoning {unknown}
 d - 3 scrolls of teleportation
 f - 3 scrolls of vulnerability
 i - 3 scrolls of revelation
 j - 4 scrolls of enchant weapon
 k - a scroll of immolation
 o - 2 scrolls of fog
 r - a scroll of fear
 A - a scroll of silence {unknown}
 C - 4 scrolls of poison
 F - a scroll of blinking
 S - 2 scrolls of enchant armour
Potions
 a - 12 potions of curing
 l - 2 potions of mutation
 u - 2 potions of magic
 x - 3 potions of enlightenment
 z - 3 potions of might
 B - 3 potions of ambrosia
 D - 3 potions of resistance
 E - a potion of cancellation
 G - a potion of lignification
 H - 4 potions of heal wounds
 M - 2 potions of haste
 O - a potion of invisibility
 P - 2 potions of attraction
 Z - a potion of brilliance


   Skills:
 + Level 10.1 Fighting
 + Level 13.0 Short Blades
 + Level 10.1 Long Blades
 + Level 10.1 Axes
 + Level 10.1 Maces & Flails
 + Level 10.1 Polearms
 + Level 12.0 Staves
 + Level 10.1 Ranged Weapons
 + Level 10.4 Throwing
 + Level 11.1 Armour
 + Level 10.1 Dodging
 + Level 10.1 Stealth
 + Level 10.1 Shields
 + Level 10.1 Unarmed Combat
 + Level 10.1 Spellcasting
 + Level 8.4 Conjurations
 + Level 8.4 Hexes
 + Level 8.4 Summonings
 + Level 8.4 Necromancy
 + Level 8.4 Translocations
 + Level 8.4 Transmutations
 + Level 8.4 Fire Magic
 + Level 8.4 Ice Magic
 + Level 8.4 Air Magic
 + Level 8.4 Earth Magic
 + Level 8.4 Poison Magic
 + Level 11.0 Invocations
 + Level 10.1 Evocations
 + Level 9.2 Shapeshifting


You had 7 spell levels left.
You knew the following spells:

 Your Spells              Type           Power      Damage    Failure   Level
a - Inner Flame           Hex/Fire       33%        N/A       1%          3
b - Confusing Touch       Hex            33%        N/A       1%          3
c - Blink                 Tloc           66%        N/A       1%          2
d - Mephitic Cloud        Conj/Pois/Air  33%        N/A       1%          3
e - Olgreb's Toxic Radia  Pois           33%        N/A       3%          4
f - Flame Wave            Conj/Fire      33%        2d10      3%          4
g - Ozocubu's Armour      Ice            33%        N/A       1%          3
x - Summon Forest         Summ/Tloc      16%        N/A       11%         5

Your spell library contained the following spells:

 Spells                   Type           Power      Damage    Failure   Level
 Slow                     Hex            100%       N/A       1%          1
 Poisonous Vapours        Pois/Air       66%        N/A       1%          2
 Static Discharge         Conj/Air       66%        2-5/arc   1%          2
 Sublimation of Blood     Necr           33%        N/A       1%          2
 Sigil of Binding         Hex            33%        N/A       1%          3
 Summon Guardian Golem    Hex/Summ       33%        N/A       1%          3
 Vampiric Draining        Necr           33%        2d8       1%          3
 Airstrike                Air            16%        2d(3-19)  3%          4
 Manifold Assault         Tloc           33%        N/A       3%          4
 Petrify                  Tmut/Erth      33%        N/A       3%          4
 Sticky Flame             Conj/Fire      33%        2d5       3%          4
 Summon Lightning Spire   Summ/Air       33%        N/A       3%          4
 Vhi's Electric Charge    Tloc/Air       66%        N/A       3%          4
 Alistair's Intoxication  Tmut/Pois      22%        N/A       11%         5
 Arcjolt                  Conj/Air       16%        1d26      11%         5
 Freezing Cloud           Conj/Ice/Air   16%        6-21      11%         5
 Irradiate                Conj/Tmut      16%        3d17      11%         5
 Metabolic Englaciation   Hex/Ice        16%        N/A       11%         5
 Eringya's Noxious Bog    Tmut/Pois      16%        4d6       50%         6
 Orb of Destruction       Conj           16%        9d7       97%         7
 Spellforged Servitor     Conj/Summ      16%        N/A       97%         7
 Summon Hydra             Summ           16%        N/A       97%         7
 Maxwell's Capacitive Co  Air            16%        ∞         100%        8
 Chain Lightning          Conj/Air       16%        3d22      100%        9
 Fire Storm               Conj/Fire      16%        8d4       100%        9
 Shatter                  Erth           16%        3d16*     100%        9
 Simulacrum               Ice/Necr       Unusable   N/A       N/A         6

Dungeon Overview and Level Annotations

Branches:
Dungeon (10/15)            Temple (1/1) D:5            Lair (5/5) D:8
  Swamp (0/4) Lair:2       Spider (0/4) Lair:3        Slime (0/5) Lair:4
    Orc (2/2) D:10            Elf (1/3) Orc:2       Ossuary (visited)

Altars:
Ashenzari
Cheibriados
Dithmenos
Elyvilon
Fedhas
Gozag
Hepliaklqana
Kikubaaqudgha
Makhleb
Nemelex Xobeh
Okawaru
Qazlal
Ru
Sif Muna
Trog
Uskayaw
Vehumet
Wu Jian
Xom
Yredelemnul
Zin
The Shining One
Jiyva

Shops:
D:1 (   D:6 =   D:8 ([!*   Orc:2 [:!?(   Lair:1 *

Annotations:
D:3 1 runed translucent door, ShangFenghuang's ghost, amateur BaHs
D:10 1 runed translucent door


Innate Abilities, Weirdness & Mutations

You have very sharp teeth.
Your uncanny sense of smell can sniff out nearby items.
Your experience applies equally to all skills.
You have a pair of small horns on your head.
You are somewhat resistant to further mutation.


Message History

The crystal spear hits you!!!
Ouch! That really hurt!
* * * LOW HITPOINT WARNING * * *
You hit the deep elf annihilator.
The deep elf annihilator is almost dead.
The deep elf pyromancer closely misses you.
The deep elf annihilator casts a spell.
The deep elf annihilator blinks!
A deep elf pyromancer opens the large door.
The fire elemental hits you. The fire elemental burns you! You resist.
* * * LOW HITPOINT WARNING * * *
The deep elf pyromancer gestures wildly while chanting.
The deep elf pyromancer blinks!
The deep elf pyromancer shouts!
You hit the deep elf pyromancer. You headbutt the deep elf pyromancer.
The deep elf pyromancer is severely wounded.
You closely miss the deep elf pyromancer.
You bite the deep elf pyromancer.
The deep elf pyromancer is severely wounded.
You block the fire elemental's attack.
The deep elf pyromancer hits you but does no damage.
The deep elf annihilator gestures at you while chanting.
The poison arrow hits you!!
You are poisoned.
You partially resist.
* * * LOW HITPOINT WARNING * * *
The deep elf pyromancer gestures at you while chanting.
The bolt of fire hits you! You resist.
* * * LOW HITPOINT WARNING * * *
You hear a shout!
You feel better. The fire elemental closely misses you.
The deep elf pyromancer misses you.
The deep elf pyromancer casts a spell.
The deep elf pyromancer blinks!
The deep elf annihilator casts a spell.
The deep elf annihilator blinks!
The deep elf pyromancer gestures at you while chanting.
The bolt of fire hits you!! You resist.
You die...
Your body crumbles into a pile of gold.

####.## ∆ #......
##....# #.##..#
#.....(######
#.##... . ...?.
#....# #.#.... #.
..§. ####.###.##!..
... #°.#
#.(......###.#
#...#E§###.##.#####
#.# .....$@e##.##.#
#^# ...e.e.$##.##.#
#+# ......$.##....#
∆ ∆ ...........#.##
#''#...##..##.#
#§.##..e..## #.# ..
##.##.. ..+ #.....#
## #.##.#.


You could see a deep elf annihilator (very poisoned), 3 deep elf pyromancers and
a fire elemental (summoned).

Vanquished Creatures
  4 hydras
  Erolcha (Orc:2)
  2 catoblepae
  An ogre mage (Orc:2)
  6 two-headed ogres
  A dancing weapon (Elf:1)
  9 death yaks (Lair:5)
  A deep troll shaman (Lair:5)
  Urug (Lair:2)
  A deep elf knight (Elf:1)
  2 skysharks
  2 bog bodies (Lair:2)
  2 deep elf pyromancers (Elf:1)
  A wolf spider (Lair:3)
  An oklob plant (Lair:3)
  3 deep elf zephyrmancers (Elf:1)
  10 orc sorcerers (Orc:2)
  A gargoyle (D:10)
  3 black mambas
  25 elephants
  10 cane toads
  Maggie (D:6)
  An unseen horror (D:8)
  7 komodo dragons
  A kobold demonologist (D:9)
  4 rime drakes
  2 hornets
  6 trolls
  11 polar bears
  18 blink frogs
  2 culicivoras (Lair:3)
  Sigmund (D:6)
  A wraith (D:10)
  5 wyverns
  4 basilisks
  3 steam dragons
  48 yaks
  2 wargs
  2 swamp worms (Lair:2)
  12 water moccasins
  An ice beast (D:6)
  15 orc warriors
  A sky beast (D:7)
  A black bear (D:8)
  5 ogres
  27 wolves
  A centaur (D:8)
  8 kobold brigands
  11 bullfrogs
  A gnoll sergeant (D:6)
  2 scorpions
  8 wights
  9 killer bees
  2 electric eels
  4 howler monkeys
  A hound (D:6)
  6 jellies
  15 orc priests
  A gnoll bouda (D:8)
  A human zombie (Ossuary)
  Jessica (D:2)
  An iguana (D:5)
  A sleepcap (D:4)
  31 orc wizards
  4 mummies
  5 gnolls (D:6)
  9 adders
  A white imp (D:7)
  An ufetubus (D:6)
  2 adder zombies
  3 dart slugs
  58 orcs
  5 endoplasms
  A giant cockroach (D:1)
  6 goblins
  4 hobgoblins
  16 kobolds
  A quokka (D:1)
  13 ball pythons
  4 bats
  4 frilled lizards (D:1)
  A giant cockroach zombie (D:3)
  2 gnoll zombies (Ossuary)
  6 goblin zombies (Ossuary)
  A kobold zombie (Ossuary)
  An orc zombie (Ossuary)
  5 rats
  5 rat zombies (Ossuary)
530 creatures vanquished.

Vanquished Creatures (collateral kills)
  A troll (Orc:1)
  An orc (Orc:1)
2 creatures vanquished.

Vanquished Creatures (others)
  4 yaks (D:10)
  2 orcs (D:7)
6 creatures vanquished.

Grand Total: 538 creatures vanquished

Notes
Turn   | Place    | Note
-------+----------+-------------------------------------------
     0 | D:1      | miscthings the Gnoll Wanderer began the quest for the Orb.
     0 | D:1      | miscthings set off with the following items: a +2 short
                  | sword, a +0 quarterstaff, a +0 scale mail, a scroll of
                  | teleportation.
     0 | D:1      | Reached XP level 1. HP: 13/13 MP: 1/1
    51 | D:1      | Reached XP level 2. HP: 18/19 MP: 2/2
   239 | D:1      | Found Hawis's Antique Weapon Shoppe.
   294 | D:1      | Reached XP level 3. HP: 25/25 MP: 3/3
   918 | D:2      | Reached skill level 1 in Invocations
  1006 | D:2      | Reached skill level 1 in Fighting
  1006 | D:2      | Reached skill level 1 in Long Blades
  1006 | D:2      | Reached skill level 1 in Axes
  1006 | D:2      | Reached skill level 1 in Maces & Flails
  1006 | D:2      | Reached skill level 1 in Polearms
  1006 | D:2      | Reached skill level 1 in Ranged Weapons
  1006 | D:2      | Reached skill level 1 in Dodging
  1006 | D:2      | Reached skill level 1 in Stealth
  1006 | D:2      | Reached skill level 1 in Shields
  1006 | D:2      | Reached skill level 1 in Unarmed Combat
  1006 | D:2      | Reached skill level 1 in Spellcasting
  1006 | D:2      | Reached skill level 1 in Evocations
  1023 | D:2      | Reached XP level 4. HP: 32/32 MP: 5/5
  1047 | D:2      | Reached skill level 1 in Shapeshifting
  1109 | D:2      | Found an opulent altar of Gozag.
  1115 | D:2      | Became a worshipper of Gozag Ym Sagoz the Greedy
  1207 | D:2      | Noticed Jessica
  1219 | D:2      | Killed Jessica
  1220 | D:2      | Reached skill level 1 in Conjurations
  1220 | D:2      | Reached skill level 1 in Hexes
  1220 | D:2      | Reached skill level 1 in Summonings
  1220 | D:2      | Reached skill level 1 in Necromancy
  1220 | D:2      | Reached skill level 1 in Translocations
  1220 | D:2      | Reached skill level 1 in Transmutations
  1220 | D:2      | Reached skill level 1 in Fire Magic
  1220 | D:2      | Reached skill level 1 in Ice Magic
  1220 | D:2      | Reached skill level 1 in Air Magic
  1220 | D:2      | Reached skill level 1 in Earth Magic
  1220 | D:2      | Reached skill level 1 in Poison Magic
  1248 | D:2      | Identified the +1 leather armour of the True Pharaoh {Harm
                  | rPois rCorr Dex-5}
  1500 | D:3      | Found a radiant altar of Vehumet.
  1560 | D:3      | Found a faded altar of an unknown god.
  1691 | D:3      | Reached XP level 5. HP: 37/37 MP: 5/7
  1704 | D:3      | Found a shimmering altar of Xom.
  1706 | D:3      | Found a shimmering altar of Xom.
  1708 | D:3      | Found a shimmering altar of Xom.
  1710 | D:3      | Found a shimmering altar of Xom.
  1801 | D:3      | Found a runed translucent door.
  1804 | D:3      | Noticed ShangFenghuang's ghost (amateur BaHs)
  2120 | D:3      | Found a basalt altar of Yredelemnul.
  2304 | D:4      | Found an ancient bone altar of Kikubaaqudgha.
  2351 | D:4      | Learned a level 1 spell: Slow
  2359 | D:4      | Reached XP level 6. HP: 44/44 MP: 5/8
  2758 | D:5      | Entered Level 5 of the Dungeon
  2772 | D:5      | Reached skill level 5 in Armour
  2977 | D:5      | Reached XP level 7. HP: 49/50 MP: 10/10
  3039 | D:5      | Found a shadowy altar of Dithmenos.
  3451 | D:5      | Found a staircase to the Ecumenical Temple.
  3462 | Temple   | Entered the Ecumenical Temple
  3807 | D:6      | Found a sand-covered staircase.
  3827 | D:6      | Learned a level 3 spell: Confusing Touch
  3828 | Ossuary  | Entered an ossuary
  3926 | Ossuary  | Reached skill level 9 in Short Blades
  4266 | D:6      | Learned a level 2 spell: Blink
  4308 | D:6      | Reached XP level 8. HP: 58/58 MP: 12/12
  4355 | D:6      | Found a broken altar of Ashenzari.
  4400 | D:6      | Noticed Maggie
  4449 | D:6      | Killed Maggie
  4565 | D:6      | Learned a level 3 spell: Inner Flame
  4864 | D:6      | Noticed Sigmund
  4882 | D:6      | Killed Sigmund
  5104 | D:7      | Reached XP level 9. HP: 56/65 MP: 14/14
  5202 | D:7      | Found a white marble altar of Elyvilon.
  5524 | D:7      | Found an opulent altar of Gozag.
  5670 | D:8      | Found Ogoocu Fegid's Weapon Shoppe.
  5715 | D:8      | Reached skill level 5 in Throwing
  5791 | D:8      | Found Rivisis's Antique Armour Boutique.
  5795 | D:8      | Found Besofre's Distillery.
  5798 | D:8      | Found Dilea's General Store.
  5813 | D:8      | Found Modiucre's General Store.
  5852 | D:8      | Bought a potion of lignification for 48 gold pieces
  5861 | D:8      | Bought a potion of heal wounds for 80 gold pieces
  5861 | D:8      | Bought a +0 pair of gloves for 72 gold pieces
  5885 | D:8      | Bought a faintly glowing ring mail for 216 gold pieces
  5885 | D:8      | Identified the +0 ring mail of Distant Worlds {rPois rCorr
                  | Str-5 Dex+3} (You bought it in a shop on level 8 of the
                  | Dungeon)
  5967 | D:8      | Found a shimmering blue altar of Sif Muna.
  6026 | D:8      | Found a staircase to the Lair.
  6085 | D:8      | Found a glowing silver altar of Zin.
  6190 | D:8      | Reached skill level 5 in Invocations
  6297 | D:8      | Found the +10 zealot's sword {holy, Zealotry, *Rage rN+
                  | EV+3}
  6658 | D:8      | Found a burning altar of Makhleb.
  6829 | D:8      | Noticed a hornet
  6842 | D:8      | Killed a hornet
  6843 | D:8      | Reached XP level 10. HP: 73/73 MP: 17/17
  6844 | D:8      | Reached skill level 5 in Fighting
  6844 | D:8      | Reached skill level 5 in Long Blades
  6844 | D:8      | Reached skill level 5 in Axes
  6844 | D:8      | Reached skill level 5 in Maces & Flails
  6844 | D:8      | Reached skill level 5 in Polearms
  6844 | D:8      | Reached skill level 5 in Ranged Weapons
  6844 | D:8      | Reached skill level 5 in Dodging
  6844 | D:8      | Reached skill level 5 in Stealth
  6844 | D:8      | Reached skill level 5 in Shields
  6844 | D:8      | Reached skill level 5 in Unarmed Combat
  6844 | D:8      | Reached skill level 5 in Spellcasting
  6844 | D:8      | Reached skill level 5 in Evocations
  6909 | D:8      | Killed an unseen horror
  6910 | D:8      | Reached skill level 10 in Short Blades
  6995 | D:8      | Bought a brightly glowing chain mail for 228 gold pieces
  6995 | D:8      | Identified the +0 chain mail "Ulyzykhe" {Will+ Int+3 SInv}
                  | (You bought it in a shop on level 8 of the Dungeon)
  6995 | D:8      | Bought a cloak for 108 gold pieces
  7253 | D:9      | Noticed a kobold demonologist
  7262 | D:9      | Killed a kobold demonologist
  7278 | D:9      | Reached skill level 5 in Shapeshifting
  7383 | D:9      | Found a hazy altar of Hepliaklqana.
  7600 | D:9      | Paralysed by a hornet for 2 turns
  7687 | D:9      | Reached XP level 11. HP: 81/81 MP: 19/19
  7696 | D:9      | Reached skill level 5 in Conjurations
  7696 | D:9      | Reached skill level 5 in Hexes
  7696 | D:9      | Reached skill level 5 in Summonings
  7696 | D:9      | Reached skill level 5 in Necromancy
  7696 | D:9      | Reached skill level 5 in Translocations
  7696 | D:9      | Reached skill level 5 in Transmutations
  7696 | D:9      | Reached skill level 5 in Fire Magic
  7696 | D:9      | Reached skill level 5 in Ice Magic
  7696 | D:9      | Reached skill level 5 in Air Magic
  7696 | D:9      | Reached skill level 5 in Earth Magic
  7696 | D:9      | Reached skill level 5 in Poison Magic
  8195 | D:10     | Entered Level 10 of the Dungeon
  8317 | D:10     | Found a staircase to the Orcish Mines.
  8455 | D:10     | Found an iron altar of Okawaru.
  8636 | D:10     | Found an ornate altar of the Wu Jian Council.
  8759 | D:10     | Identified the ring of Ziogaesi {rPois rCorr Int+3}
  8767 | D:10     | Identified the +6 short sword "Lishrioki" {protect, rElec
                  | rC- Str+3 SInv}
  8772 | D:10     | Got a faded book
  8773 | D:10     | Identified the +8 great sword of the Magi {spect, Drain
                  | rElec rN+ Str+6}
  8854 | D:10     | Noticed an ogre mage
  8854 | D:10     | Noticed a centaur warrior
  8854 | D:10     | Noticed a fire dragon
  8855 | D:10     | Found a runed translucent door.
  8857 | D:10     | Noticed a seven-headed hydra
  8857 | D:10     | Noticed a wolf spider
  8857 | D:10     | Noticed a fire crab
  8857 | D:10     | Noticed a stone giant
  8863 | D:10     | Learned a level 3 spell: Mephitic Cloud
  9326 | Lair:1   | Entered Level 1 of the Lair of Beasts
  9602 | Lair:1   | Reached skill level 11 in Short Blades
  9665 | Lair:1   | Reached XP level 12. HP: 89/89 MP: 22/22
  9749 | Lair:1   | Gained mutation: You are somewhat resistant to further
                  | mutation. [potion of mutation]
  9749 | Lair:1   | Gained mutation: You have a pair of small horns on your
                  | head. [potion of mutation]
 10315 | Lair:2   | Noticed a catoblepas
 10323 | Lair:2   | Killed a catoblepas
 10329 | Lair:2   | Reached skill level 10 in Staves
 10447 | Lair:1   | Bought a scroll of poison for 48 gold pieces
 10447 | Lair:1   | Bought a scroll of fear for 48 gold pieces
 10469 | Lair:2   | Noticed Urug
 10478 | Lair:2   | Killed Urug
 11013 | Lair:2   | Found a staircase to the Swamp.
 11188 | D:6      | Bought the ring of Qitikom {rC+ Will+ rCorr Str+6} for 979
                  | gold pieces
 11435 | Lair:3   | Noticed a skyshark
 11458 | Lair:3   | Killed a skyshark
 11469 | Lair:3   | Reached XP level 13. HP: 98/98 MP: 23/25
 12082 | Lair:3   | Found a hole to the Spider Nest.
 12569 | Lair:4   | Learned a level 4 spell: Olgreb's Toxic Radiance
 12654 | Lair:4   | Reached skill level 12 in Short Blades
 12703 | Lair:4   | Learned a level 4 spell: Flame Wave
 12793 | Lair:4   | Found a staircase to the Slime Pits.
 12794 | Lair:4   | Found a viscous altar of Jiyva.
 13199 | Lair:5   | Entered Level 5 of the Lair of Beasts
 13438 | Lair:5   | Reached skill level 10 in Armour
 13568 | Lair:5   | Reached XP level 14. HP: 33/108 MP: 8/27
 13714 | Lair:5   | HP: 5/108 [spore (18)]
 13846 | Lair:5   | Reached skill level 10 in Invocations
 15263 | Lair:5   | Learned a level 3 spell: Ozocubu's Armour
 15470 | Orc:1    | Entered Level 1 of the Orcish Mines
 15511 | Orc:1    | Reached skill level 10 in Throwing
 15519 | Orc:1    | Learned a level 5 spell: Summon Forest
 15792 | Orc:2    | Entered Level 2 of the Orcish Mines
 15858 | Orc:2    | Found a staircase to the Elven Halls.
 16347 | Orc:2    | Bought a distressingly furry scarf for 270 gold pieces
 16347 | Orc:2    | Identified the scarf of the Miller {shadows, rC+ Stlth+}
                  | (You bought it in a shop on level 2 of the Orcish Mines)
 16347 | Orc:2    | Bought a blackened scale mail for 243 gold pieces
 16347 | Orc:2    | Identified the +3 scale mail of Ysami {Int+5} (You bought
                  | it in a shop on level 2 of the Orcish Mines)
 16401 | Orc:2    | Paralysed by an orc sorcerer for 2 turns
 16408 | Orc:2    | Reached XP level 15. HP: 74/111 MP: 23/28
 16425 | Orc:2    | Found Votoosob's Distillery.
 16444 | Orc:2    | Found Fuadd's Book Emporium.
 16508 | Orc:2    | Bought a potion of enlightenment for 70 gold pieces
 16508 | Orc:2    | Bought a potion of heal wounds for 70 gold pieces
 16508 | Orc:2    | Bought a potion of heal wounds for 70 gold pieces
 16508 | Orc:2    | Bought a potion of heal wounds for 70 gold pieces
 16508 | Orc:2    | Bought a potion of invisibility for 112 gold pieces
 16525 | Orc:2    | Found an ancient bone altar of Kikubaaqudgha.
 16575 | Orc:2    | Noticed Erolcha
 16579 | Orc:2    | Reached skill level 10 in Fighting
 16579 | Orc:2    | Reached skill level 10 in Long Blades
 16579 | Orc:2    | Reached skill level 10 in Axes
 16579 | Orc:2    | Reached skill level 10 in Maces & Flails
 16579 | Orc:2    | Reached skill level 10 in Polearms
 16579 | Orc:2    | Reached skill level 10 in Ranged Weapons
 16579 | Orc:2    | Reached skill level 10 in Dodging
 16579 | Orc:2    | Reached skill level 10 in Stealth
 16579 | Orc:2    | Reached skill level 10 in Shields
 16579 | Orc:2    | Reached skill level 10 in Unarmed Combat
 16579 | Orc:2    | Reached skill level 10 in Spellcasting
 16579 | Orc:2    | Reached skill level 10 in Evocations
 16583 | Orc:2    | Killed Erolcha
 16587 | Orc:2    | Found Aruesi Ytsu's Antique Weapon Emporium.
 16609 | Orc:2    | Found Eniesytebb's Magic Scroll Shoppe.
 16630 | Orc:2    | Bought a scroll of fear for 44 gold pieces
 16630 | Orc:2    | Bought a scroll of amnesia for 44 gold pieces
 16630 | Orc:2    | Bought a scroll of amnesia for 44 gold pieces
 16630 | Orc:2    | Bought a scroll of teleportation for 33 gold pieces
 16630 | Orc:2    | Bought a scroll of identify for 22 gold pieces
 16630 | Orc:2    | Bought a scroll of identify for 22 gold pieces
 16632 | Orc:2    | Bought a scroll of identify for 22 gold pieces
 16632 | Orc:2    | Identified a scroll of acquirement
 16633 | Orc:2    | Acquired 914 gold pieces
 16641 | Orc:2    | Reached skill level 13 in Short Blades
 16662 | Orc:2    | Bought an ancient sling for 143 gold pieces
 16662 | Orc:2    | Identified the +10 sling "Musedox" {speed, *Corrode rC+
                  | Str+4} (You bought it in a shop on level 2 of the Orcish
                  | Mines)
 16662 | Orc:2    | Bought an ancient sling for 143 gold pieces
 16662 | Orc:2    | Identified the +5 sling of the Endless March {freeze, rN++}
                  | (You bought it in a shop on level 2 of the Orcish Mines)
 16704 | Orc:2    | Found a radiant altar of Vehumet.
 17185 | Elf:1    | Entered Level 1 of the Elven Halls
 17336 | Elf:1    | Learned a level 3 spell: Confusing Touch
 17479 | Elf:1    | HP: 2/115 [deep elf pyromancer/bolt of fire (7)]
 17480 | Elf:1    | Killed from afar by a deep elf pyromancer

Illustrated notes

Levels and vault maps discovered:
D:1:      mrwooster_arrival_statue_2, layout_loops_cross, serial_shops, shop,
          grunt_decor_one_mirror, minivault_24, minmay_crystal_room,
          nicolae_titane
D:2:      layout_loops_ring, basic_altar, uniq_jessica
D:3:      layout_loops_ring, mainiacjoe_overflow_brackets, xom_redecorated,
          lemuel_zombie_altar_yredelemnul, chequers_ecumenical_altar_island,
          ebering_ghost_sewer_d
D:4:      layout_cave_pools, mainiacjoe_overflow_alcove_1
D:5:      mumra_celtic_spiral_tile, layout_cave_pools, kennysheep_mini_moat,
          serial_park_tiny_1
D:6:      layout_loops_ring, nicolae_ashenzari_panopticon,
          gup_ossuary_entry_pyramid, kennysheep_small_square, uniq_maggie,
          uniq_sigmund
D:7:      layout_cave_pools, nicolae_gozag_cash_rules_everything_around_me,
          nicolae_elyvilon_peaceful_grove
D:8:      minmay_razor_zed, layout_loops_ring, nicolae_overflow_hidden_temple,
          mainiacjoe_overflow_concentric_impassable,
          mainiacjoe_overflow_chevrons, nicolae_shop_national_dungeon_mall
D:9:      layout_grid_maze, mainiacjoe_overflow_paths, special_room
          [special_room_kobold], hangedman_abyss_or_decor_clamps
D:10:     minmay_gate_of_8, layout_basic, mainiacjoe_overflow_alcove_2,
          old_standard_altar, david_orc_3, lemuel_flamethrower_hall
Temple:   pf_temple_reverse_labyrinth
Lair:1:   wander_river, layout_misc_corridors, cheibrodos_lair_lostbears
Lair:2:   layout_regular_city, nicolae_swamp_entry_splash_gauntlet, uniq_urug
Lair:3:   layout_regular_city, spider_nest_entry_funnel_web
Lair:4:   layout_misc_corridors, slime_entry_1, grunt_megastairs_1,
          lemuel_fruit_tree
Lair:5:   grunt_lair_end_beastmaster, layout_layer_cave,
          dreamdust_mushroom_princess, st_stairs_4
Orc:1:    layout_caves
Orc:2:    kennysheep_orc_mage_school, layout_diamond_mine
Elf:1:    layout_loops_corners, hangedman_elf_represent

Skill      XL: |  1  2  3  4  5  6  7  8  9 10 11 12 13 14 15 |
---------------+----------------------------------------------+-----
Invocations    | 1 2 3 4 5 6 7 8 9 10 11 | 11.0
Fighting       | 1 2 3 4 5 6 8 9 10 | 10.1
Long Blades    | 1 2 3 4 5 6 8 9 10 | 10.1
Axes           | 1 2 3 4 5 6 8 9 10 | 10.1
Maces & Flails | 1 2 3 4 5 6 8 9 10 | 10.1
Polearms       | 1 2 3 4 5 6 8 9 10 | 10.1
Ranged Weapons | 1 2 3 4 5 6 8 9 10 | 10.1
Dodging        | 1 2 3 4 5 6 8 9 10 | 10.1
Stealth        | 1 2 3 4 5 6 8 9 10 | 10.1
Shields        | 1 2 3 4 5 6 8 9 10 | 10.1
Unarmed Combat | 1 2 3 4 5 6 8 9 10 | 10.1
Spellcasting   | 1 2 3 4 5 6 8 9 10 | 10.1
Evocations     | 1 2 3 4 5 6 8 9 10 | 10.1
Shapeshifting  | 1 2 3 4 5 6 7 8 9 |  9.2
Conjurations   | 1 2 3 4 5 6 7 8 |  8.4
Hexes          | 1 2 3 4 5 6 7 8 |  8.4
Summonings     | 1 2 3 4 5 6 7 8 |  8.4
Necromancy     | 1 2 3 4 5 6 7 8 |  8.4
Translocations | 1 2 3 4 5 6 7 8 |  8.4
Transmutations | 1 2 3 4 5 6 7 8 |  8.4
Fire Magic     | 1 2 3 4 5 6 7 8 |  8.4
Ice Magic      | 1 2 3 4 5 6 7 8 |  8.4
Air Magic      | 1 2 3 4 5 6 7 8 |  8.4
Earth Magic    | 1 2 3 4 5 6 7 8 |  8.4
Poison Magic   | 1 2 3 4 5 6 7 8 |  8.4
Throwing       | 3 4 5 6 7 8 9 10 | 10.4
Armour         | 5 6 7 8 9 10 11 | 11.1
Staves         | 7 8 9 10 11 12 | 12.0
Short Blades   | 9 10 11 12 13 | 13.0

Action                     |  1- 3 |  4- 6 |  7- 9 | 10-12 | 13-15 || total
---------------------------+-------+-------+-------+-------+-------++-------
  Melee: Short sword       |    91 |   223 |   272 |    74 |  1074 ||  1734
         Bite              |     6 |    26 |   101 |    74 |   194 ||   401
         Punch             |     1 |     4 |     8 |       |       ||    13
         Dagger            |       |       |   349 |       |       ||   349
         Eudemon blade     |       |       |    25 |   492 |       ||   517
         Headbutt          |       |       |       |    53 |   347 ||   400
   Fire: Arbalest          |     9 |    25 |    30 |       |       ||    64
  Throw: Dart              |       |       |       |     1 |     3 ||     4
   Cast: Slow              |       |     8 |     5 |       |     1 ||    14
         Inner Flame       |       |       |     2 |       |    21 ||    23
         Confusing Touch   |       |       |     1 |       |     2 ||     3
         Olgreb's Toxic Ra |       |       |       |       |    59 ||    59
         Flame Wave        |       |       |       |       |     5 ||     5
         Mephitic Cloud    |       |       |       |       |     9 ||     9
         Ozocubu's Armour  |       |       |       |       |     3 ||     3
         Summon Forest     |       |       |       |       |     1 ||     1
 Invoke: Call Merchant     |       |       |     1 |     1 |     1 ||     3
  Evoke: Wand              |       |       |       |     2 |    10 ||    12
    Use: Scroll            |       |     3 |    11 |    10 |    11 ||    35
         Potion            |       |       |       |     1 |     3 ||     4
   Stab: Confused          |       |       |     2 |       |     6 ||     8
         Sleeping          |       |       |       |     6 |     6 ||    12
         Distracted        |       |       |       |     7 |     9 ||    16
         Petrified         |       |       |       |       |     2 ||     2
 Armour: Scale mail        |    36 |    74 |       |       |       ||   110
         Leather armour    |       |    19 |   166 |   281 |   554 ||  1020
         Steam dragon scal |       |       |     9 |       |       ||     9
  Dodge: Dodged            |    33 |    77 |   310 |   432 |   490 ||  1342
  Block: Buckler           |       |       |    50 |   158 |   211 ||   419

Table legend: (Time is in decaauts)
 A = Elapsed time spent in this place.
 B = Non-inter-level travel time spent in this place.
 C = Inter-level travel time spent in this place.
 D = Time resting spent in this place.
 E = Time spent auto-exploring this place.
 F = Levels seen in this place.
 G = Mean time per level.
                   A        B        C        D        E       F      G
               +--------+--------+--------+--------+--------+-----+--------+
         Total |  16844 |  15410 |   1434 |    248 |  10346 |  20 |  842.2 |
       Dungeon |   9082 |   8191 |    891 |     20 |   5860 |  10 |  908.2 |
        Temple |      1 |      1 |      0 |      0 |      0 |   1 |    1.0 |
          Lair |   5641 |   5207 |    434 |    157 |   3230 |   5 | 1128.2 |
  Orcish Mines |   1627 |   1519 |    108 |      6 |   1051 |   2 |  813.5 |
   Elven Halls |    267 |    267 |      0 |     65 |    111 |   1 |  267.0 |
       Ossuary |    223 |    223 |      0 |      0 |     93 |   1 |  223.0 |
               +--------+--------+--------+--------+--------+-----+--------+

Top non-repeatable levels by time:
  Lair:5: 1883 daAuts
     D:8: 1382 daAuts
     D:9: 1238 daAuts
   Orc:2: 1195 daAuts
    D:10: 1194 daAuts
     D:6: 1070 daAuts
  Lair:2: 1055 daAuts
  Lair:3: 1015 daAuts
  Lair:1: 1011 daAuts
     D:5: 916 daAuts
     D:3: 755 daAuts
     D:1: 751 daAuts
  Lair:4: 677 daAuts
     D:2: 668 daAuts
     D:7: 610 daAuts
